 Dungeon Crawl Stone Soup version 0.17.1-2-g5865329 (webtiles) character file.

2563 Grim the Spear-Bearer (level 9, -2/77 HPs)
             Began as a Minotaur Berserker on Feb 16, 2016.
             Was an Elder of Trog.
             Slain by a hound (5 damage)
             ... while paralysed by a wasp
             ... on level 7 of the Dungeon.
             The game lasted 00:10:11 (6209 turns).

Grim the Spear-Bearer (Minotaur Berserker)          Turns: 6209, Time: 00:10:11

Health: -2/77      AC:  6    Str: 23    XL:     9   Next: 31%
Magic:  8/8        EV:  2    Int:  4    God:    Trog [****..]
Gold:   255        SH:  0    Dex: 12    Spells: 0 memorised, 8 levels left

rFire  . . .     SeeInvis +     y - +1 spear (vamp)
rCold  . . .     Clarity  .     b - +0 animal skin
rNeg   . . .     SustAt   .     (no shield)
rPois  .         Gourm    .     (helmet restricted)
rElec  .         Spirit   .     r - +1 cloak
rCorr  .         Warding  .     s - +0 pair of gloves
rMut   .         Stasis   .     c - +0 pair of boots
MR     .....                    q - amulet of faith
Stlth  ++........               C - ring of stealth
                                k - ring of see invisible

@: paralysed, lethally poisoned (-2 -> -3), slowed, not resistant to hostile
enchantments, unstealthy
A: retaliatory headbutt, horns 2
a: Berserk, Trog's Hand, Brothers in Arms, Burn Spellbooks, Renounce Religion


You were on level 7 of the Dungeon.
You worshipped Trog.
Trog was greatly pleased with you.
You were not hungry.

You visited 1 branch of the dungeon, and saw 7 of its levels.

You collected 255 gold pieces.

Inventory:

Hand Weapons
 y - a +1 vampiric spear (weapon)
Armour
 b - a +0 animal skin (worn)
 c - a +0 pair of boots (worn)
 r - a +1 cloak (worn)
 s - a +0 pair of gloves (worn)
Jewellery
 k - a ring of see invisible (left hand)
 q - an amulet of faith (around neck)
 C - a ring of stealth (right hand)
 D - an uncursed amulet of resist corrosion {unknown}
Wands
 w - a wand of flame (30)
Scrolls
 d - a scroll of enchant weapon {unknown}
 f - 3 scrolls of magic mapping {unknown}
 h - 2 scrolls of fog {unknown}
 l - 3 scrolls of blinking {unknown}
 o - 3 scrolls of random uselessness {unknown}
 t - 2 scrolls of noise {unknown}
 v - 5 scrolls of remove curse {unknown}
 A - a scroll of enchant armour {unknown}
 B - a scroll of identify
Potions
 e - a potion of brilliance
 g - a potion of flight
 n - a potion of heal wounds
 p - 2 potions of haste
 u - a potion of mutation {!q}
 z - 2 potions of might
Books
 E - a book of Conjurations

   Spells                             Type                      Level
   a - Magic Dart                     Conjuration                  1
   b - Searing Ray                    Conjuration                  2
   c - Dazzling Spray                 Conjuration/Hexes            3
   d - Fulminant Prism                Conjuration/Hexes            4
   e - Iskenderun's Mystic Blast      Conjuration                  4
   f - Iskenderun's Battlesphere      Conjuration/Charms           5
   Trog disapproves of the use of such an item.
Comestibles
 a - a bread ration
 i - a royal jelly
 j - 2 beef jerkies
 m - 5 meat rations
 x - a slice of pizza
 F - a chunk of flesh


   Skills:
 * Level 6.3 Fighting
 - Level 14.0 Polearms
 - Level 2.4 Armour
 - Level 2.1 Dodging


You had 8 spell levels left.
You didn't know any spells.

Dungeon Overview and Level Annotations

Branches:
Dungeon (7/15)             Temple (0/1) D:5

Altars:
Cheibriados
Fedhas
Kikubaaqudgha
Nemelex Xobeh
Qazlal
Trog
Vehumet
Xom
Zin


Innate Abilities, Weirdness & Mutations

You reflexively headbutt those who attack you in melee.
You have a pair of horns on your head.


Message History

You are poisoned.
You feel as though you will be slow longer.
The hound bites you but does no damage.
The black bear bites you but does no damage.
The black bear claws you.
* * * LOW HITPOINT WARNING * * *
The black bear claws you.
* * * LOW HITPOINT WARNING * * *
The wasp stings you.
* * * LOW HITPOINT WARNING * * *
You feel as though you will be slow longer.
You feel sick. The hound bites you.
* * * LOW HITPOINT WARNING * * *
The black bear bites you!
* * * LOW HITPOINT WARNING * * *
The black bear claws you.
* * * LOW HITPOINT WARNING * * *
The black bear barely misses you. The wasp barely misses you.
The hound bites you.
You die...

#.##..#.#.# ##
#.###.#.# #.#
...# #.# #..#
#.####..#.#.#
#......>....#
#####.#########
##.....y......
#.....@hr.....
#...#...h.#....
#....#.###.# ##
#.....#.. .#
...#. ... Z
...#.###$ ##


You could see a black bear (berserk), a wasp, a hound, a giant frog zombie
(wandering) and a quokka.

Vanquished Creatures
  Pikel (D:4)
  Prince Ribbit (D:5)
  Sigmund (D:5)
  Menkaure (D:4)
  Duvessa (D:4)
  3 ogres
  A phantom (D:6)
  4 centaurs
  A giant frog (D:6)
  Dowan (D:4)
  3 scorpions (D:4)
  2 jellies (D:5)
  2 crimson imps (D:5)
  3 hounds
  An orc priest (D:6)
  2 orc wizards
  Terence (D:3)
  3 worker ants
  An iguana (D:6)
  A killer bee zombie (D:6)
  A shadow imp (D:6)
  9 adders
  An ooze (D:1)
  An adder skeleton (D:5)
  2 worms
  3 giant geckos
  7 orcs
  8 bats
  6 giant cockroaches
  9 goblins
  7 hobgoblins
  9 jackals
  6 kobolds
  6 quokkas
  A ball python (D:4)
  11 giant newts
  17 rats
138 creatures vanquished.

Vanquished Creatures (others)
  A hound (D:4)
  A hound skeleton (D:4)
  An orc (D:4)
  A giant newt (D:4)
4 creatures vanquished.

Grand Total: 142 creatures vanquished

Notes
Turn   | Place    | Note
--------------------------------------------------------------
     0 | D:1      | Grim the Minotaur Berserker began the quest for the Orb.
     0 | D:1      | Reached XP level 1. HP: 19/19 MP: 0/0
    26 | D:1      | Reached skill level 4 in Polearms
   148 | D:1      | Reached XP level 2. HP: 19/26 MP: 1/1
   528 | D:1      | Reached ** piety under Trog
   584 | D:1      | Reached skill level 5 in Polearms
   943 | D:1      | Reached XP level 3. HP: 26/31 MP: 2/2
  1591 | D:2      | Reached XP level 4. HP: 30/39 MP: 3/3
  1780 | D:2      | Reached skill level 6 in Polearms
  1843 | D:2      | Found a shimmering altar of Xom.
  2267 | D:3      | Reached *** piety under Trog
  2413 | D:3      | Found a faded altar to an unknown god.
  2568 | D:3      | Noticed Terence
  2579 | D:3      | Killed Terence
  2579 | D:3      | Reached XP level 5. HP: 41/45 MP: 4/4
  2592 | D:3      | Reached skill level 7 in Polearms
  2715 | D:3      | Found a stormy altar of Qazlal.
  2827 | D:4      | Noticed a slave
  2829 | D:4      | Noticed Pikel
  2833 | D:4      | Noticed a slave
  2834 | D:4      | Noticed a slave
  2849 | D:4      | Killed Pikel
  2849 | D:4      | Reached skill level 10 in Polearms
  2849 | D:4      | Reached XP level 6. HP: 35/51 MP: 5/5
  2849 | D:4      | Reached XP level 7. HP: 39/57 MP: 6/6
  2851 | D:4      | Noticed a freed slave
  3142 | D:4      | Found a sparkling altar of Nemelex Xobeh.
  3313 | D:4      | Noticed an ogre
  3325 | D:4      | Killed an ogre
  3385 | D:4      | Reached **** piety under Trog
  3413 | D:4      | Reached skill level 11 in Polearms
  3469 | D:4      | Noticed Menkaure
  3472 | D:4      | Noticed Duvessa
  3477 | D:4      | Noticed Dowan
  3481 | D:4      | Killed Menkaure
  3481 | D:4      | Reached XP level 8. HP: 64/64 MP: 7/7
  3484 | D:4      | Killed Duvessa
  3489 | D:4      | Killed Dowan
  3491 | D:4      | Reached skill level 12 in Polearms
  3537 | D:4      | Found a glowing silver altar of Zin.
  3745 | D:5      | Entered Level 5 of the Dungeon
  3911 | D:5      | Noticed Prince Ribbit
  3924 | D:5      | Killed Prince Ribbit
  4090 | D:5      | Reached skill level 13 in Polearms
  4267 | D:5      | Found an ancient bone altar of Kikubaaqudgha.
  4268 | D:5      | Found a blossoming altar of Fedhas.
  4301 | D:5      | Found a staircase to the Ecumenical Temple.
  4342 | D:5      | Noticed Sigmund
  4354 | D:5      | Killed Sigmund
  4698 | D:6      | Reached XP level 9. HP: 60/70 MP: 8/8
  4706 | D:6      | Reached skill level 14 in Polearms
  5084 | D:6      | Found a snail-covered altar of Cheibriados.
  5084 | D:6      | Found a radiant altar of Vehumet.
  5084 | D:6      | Found a bloodstained altar of Trog.
  5266 | D:6      | Received a gift from Trog
  5266 | D:6      | Reached skill level 5 in Fighting
  6206 | D:7      | Paralysed by a wasp for 3 turns
  6209 | D:7      | HP: 3/77 [black bear (2)]
  6209 | D:7      | Slain by a hound

Action                   |  1- 3 |  4- 6 |  7- 9 || total
-------------------------+-------+-------+-------++-------
Melee: Spear             |   127 |   109 |   295 ||   531
Invok: Berserk           |       |     2 |     1 ||     3
       Trog's Hand       |       |       |     3 ||     3
  Use: Scroll            |       |       |     8 ||     8
       Potion            |       |       |     1 ||     1
 Stab: Sleeping          |       |       |     3 ||     3
       Distracted        |       |       |     2 ||     2
  Eat: Chunk             |     2 |     5 |     9 ||    16
       Bread ration      |       |       |     2 ||     2
